 Dungeon Crawl Stone Soup version 0.28.0-45-g0d030f2227 (webtiles) character file.

Game seed: 7434309260221839258

658 psko the Magician (level 7, -7/32 HPs)
             Began as a Spriggan Conjurer on Apr 10, 2022.
             Was a Follower of Makhleb.
             Mangled by a water moccasin (8 damage)
             ... on level 5 of the Dungeon.
             The game lasted 00:48:48 (6363 turns).

psko the Magician (Spriggan Conjurer)               Turns: 6363, Time: 00:48:49

Health: -7/32      AC:  2    Str:  5    XL:     7   Next: 30%
Magic:  7/16       EV: 17    Int: 20    God:    Makhleb [*.....]
Gold:   149        SH:  5    Dex: 13    Spells: 5/17 levels left

rFire   . . .      SeeInvis +   r - +0 dagger (speed)
rCold   + . .      Faith    .   d - +0 buckler
rNeg    . . .      Spirit   .   a - +0 robe
rPois   .          Reflect  .   (helmet restricted)
rElec   .          Harm     .   (no cloak)
rCorr   .          Rampage  .   (gloves unavailable)
Will    +....                   (boots unavailable)
Stlth   ++........              (no amulet)
HPRegen 0.10/turn               g - ring of protection from cold
MPRegen 0.15/turn               w - ring of wizardry

@: lethally poisoned (-7 -> -10), very quick
A: very small, no large weapons, unfitting armour, see invisible, speed 3
a: Renounce Religion


You were on level 5 of the Dungeon.
You worshipped Makhleb.
Makhleb was aware of your devotion.
You visited 2 branches of the dungeon, and saw 6 of its levels.
You also visited: Sewer.

You collected 149 gold pieces.

Inventory:

Hand Weapons
 b - a +0 dagger
 i - a +0 short sword
 o - a +0 long sword
 r - a +0 dagger of speed (weapon)
Missiles
 s - 3 poisoned darts
Armour
 a - a +0 robe (worn)
 d - a +0 buckler (worn)
Jewellery
 c - the ring of Buungan {rElec rPois MP-9 Str+3 Int+6}
   (You found it on level 1 of the Dungeon)

   [ring of intelligence]

   Str:       It affects your strength (+3).
   Int:       It affects your intelligence (+6).
   rElec:     It insulates you from electricity.
   rPois:     It protects you from poison.
   MP:        It affects your magic capacity (-9).
 g - a ring of protection from cold (left hand)
 l - a ring of ice
 u - a ring of fire
 w - a ring of wizardry (right hand)
Scrolls
 h - a scroll of fear
 j - a scroll of blinking
 m - a scroll of acquirement {unknown}
 n - a scroll of silence {unknown}
 p - a scroll of immolation {unknown}
 t - 2 scrolls of teleportation
 v - a scroll of noise {unknown}
 x - a scroll of enchant weapon {unknown}
Potions
 e - a potion of heal wounds
 f - a potion of resistance
 k - 3 potions of haste
 q - a potion of attraction


   Skills:
 + Level 0.6 Fighting
 + Level 2.2(2.5) Short Blades
 + Level 1.2(1.6) Long Blades
 + Level 4.3 Dodging
 + Level 3.8 Stealth
 + Level 0.7 Shields
 + Level 5.6 Spellcasting
 + Level 4.7 Conjurations


You had 5 spell levels left.
You knew the following spells:

 Your Spells              Type           Power      Damage    Failure   Level
a - Magic Dart            Conj           96%        1d7       1%          1
b - Summon Guardian Gole  Hex/Summ       5%         N/A       26%         3
c - Searing Ray           Conj           48%        2d6       1%          2
d - Dazzling Flash        Conj/Hex       30%        N/A       11%         3
e - Call Imp              Summ           5%         N/A       14%         2
f - Foxfire               Conj/Fire      60%        2x1d7     3%          1

Your spell library contained the following spells:

 Spells                   Type           Power      Damage    Failure   Level
 Conjure Flame            Conj/Fire      15%        6-21      11%         3
 Mephitic Cloud           Conj/Pois/Air  11%        N/A       16%         3
 Inner Flame              Hex/Fire       5%         N/A       26%         3
 Flame Wave               Conj/Fire      15%        2d6       32%         4
 Fulminant Prism          Conj/Hex       7%         3d7       32%         4
 Iskenderun's Mystic Bla  Conj/Tloc      15%        2d5       32%         4
 Orb of Destruction       Conj           12%        9d7       100%        7
 Spellforged Servitor     Conj/Summ      7%         N/A       100%        7


Dungeon Overview and Level Annotations

Branches:
Dungeon (5/15)             Temple (1/1) D:4           Sewer (visited)

Altars:
Ashenzari
Elyvilon
Fedhas
Gozag
Makhleb
Qazlal
Uskayaw
Xom


Innate Abilities, Weirdness & Mutations

You are very small and have problems with some larger weapons.
You are too small for most types of armour.
You have supernaturally acute eyesight. (SInv)
You cover ground extremely quickly. (Speed+++)


Message History

Confirm with . or Enter, or press ? or * to list all spells.
Aiming: Searing Ray (safe; 1% risk of failure)
Press: ? - help, Shift-Dir - straight line, f - water moccasin
Aim: a water moccasin (lightly wounded, 66% to hit)
The searing ray misses the water moccasin. (Press . to maintain the ray.)
The water moccasin barely misses you. The water moccasin bites you.
Unknown command.
Unknown command.
The searing ray hits the water moccasin.
The water moccasin is moderately wounded.
The water moccasin misses you.
The searing ray hits the water moccasin.
The water moccasin is heavily wounded.
The water moccasin bites you.
You are poisoned.
The water moccasin poisons you!
The searing ray hits the water moccasin!
The water moccasin is severely wounded.
You finish channelling your searing ray.
You feel very sick. The water moccasin misses you.
The water moccasin bites you.
You feel very sick. The water moccasin barely misses you.
You feel sick. The water moccasin barely misses you.
The water moccasin completely misses you.
You feel sick. The water moccasin misses you.
You feel sick. The water moccasin bites you!
* * * LOW HITPOINT WARNING * * *
Casting: Searing Ray (safe; 1% risk of failure)
Confirm with . or Enter, or press ? or * to list all spells.
Aiming: Searing Ray (safe; 1% risk of failure)
Press: ? - help, Shift-Dir - straight line, f/p - water moccasin
Aim: a water moccasin (severely wounded, 66% to hit)
The searing ray hits the water moccasin!
The water moccasin is almost dead. (Press . to maintain the ray.)
* * * LOW HITPOINT WARNING * * *
You feel sick. The water moccasin bites you!
You die...

### ### ########
#.. ..# #....S@#
#.#####.###
#.####.#
#.#.......# #.#
#.......#.# #.#
##.......#.#
#.#####..........#
#................#
#######..........#
#............#.#
#...........##.#


You could see a water moccasin.

Vanquished Creatures
  Sigmund (D:2)
  An ogre (D:4)
  A water moccasin zombie (D:3)
  A howler monkey (D:4)
  3 bullfrog skeletons
  A centaur skeleton (D:5)
  A howler monkey skeleton (D:4)
  8 adders
  A river rat (D:3)
  A white imp (D:3)
  2 worms
  3 dart slugs (D:1)
  2 orcs (D:4)
  5 endoplasms
  5 giant cockroaches
  4 goblins
  6 hobgoblins
  4 jackals (D:1)
  7 quokkas
  6 ball pythons
  8 bats
  5 frilled lizards
  10 kobolds
  29 rats
115 creatures vanquished.

Vanquished Creatures (others)
  5 foxfires (D:4)
5 creatures vanquished.

Grand Total: 120 creatures vanquished

Notes
Turn   | Place    | Note
-------+----------+-------------------------------------------
     0 | D:1      | psko the Spriggan Conjurer began the quest for the Orb.
     0 | D:1      | Reached XP level 1. HP: 9/9 MP: 5/5
   474 | D:1      | Reached XP level 2. HP: 13/13 MP: 1/6
   704 | D:1      | Found a faded altar of an unknown god.
   932 | D:1      | Reached XP level 3. HP: 16/16 MP: 0/8
   938 | D:1      | Identified the ring of Buungan {rElec rPois MP-9 Str+3
                  | Int+6}
  1369 | D:1      | Reached skill level 3 in Spellcasting
  2290 | D:2      | Reached XP level 4. HP: 18/21 MP: 3/9
  2499 | D:2      | Found a burning altar of Makhleb.
  2516 | D:2      | Became a worshipper of Makhleb the Destroyer
  2587 | D:2      | Learned a level 3 spell: Summon Guardian Golem
  2590 | D:2      | Learned a level 2 spell: Searing Ray
  2615 | D:2      | Noticed Sigmund
  2674 | D:2      | Killed Sigmund
  2675 | D:2      | Reached skill level 1 in Short Blades
  2675 | D:2      | Reached skill level 4 in Spellcasting
  2675 | D:2      | Reached XP level 5. HP: 25/25 MP: 3/12
  3365 | D:2      | Learned a level 3 spell: Dazzling Flash
  3653 | D:3      | Reached XP level 6. HP: 29/29 MP: 7/13
  4256 | D:3      | Reached * piety under Makhleb
  4347 | D:3      | Found a glowing drain.
  4352 | Sewer    | Entered a sewer
  5207 | D:4      | Found a staircase to the Ecumenical Temple.
  5224 | Temple   | Entered the Ecumenical Temple
  5359 | D:4      | Reached skill level 5 in Spellcasting
  5387 | D:4      | Learned a level 2 spell: Call Imp
  5410 | D:4      | Found a white marble altar of Elyvilon.
  5480 | D:4      | Reached XP level 7. HP: 22/32 MP: 2/16
  5869 | D:4      | Learned a level 1 spell: Foxfire
  6253 | D:5      | Entered Level 5 of the Dungeon
  6322 | D:5      | Reached skill level 1 in Long Blades
  6363 | D:5      | HP: 1/32 [poisoned by a water moccasin]
  6363 | D:5      | Mangled by a water moccasin

Illustrated notes

Levels and vault maps discovered:
D:1:      elethiomel_arrival_maze, layout_basic,
          ebering_ecumenical_altar_sacrificial, dk_noncrumbling_4
D:2:      kennysheep_six_static_rooms, layout_basic, basic_altar,
          minmay_rat_hole, uniq_sigmund
D:3:      layout_basic, portal_sewer_entry_e, grunt_ministairs_13,
          minmay_quantized
D:4:      layout_cave_pools, nicolae_overflow_crystal_walls,
          minmay_temple_entry_tees
D:5:      layout_loops_cross
Temple:   mainiacjoe_temple_archimedes_tessellation

Skill      XL: |  1  2  3  4  5  6  7 |
---------------+----------------------+-----
Conjurations   | 3 4 |  4.7
Dodging        | 3 4 |  4.3
Spellcasting   | 3 4 5 |  5.6
Short Blades   | 1 2 |  2.2
Long Blades    | 1 |  1.2
Fighting       | |  0.6
Stealth        | |  3.8
Shields        | |  0.7

Action                   |  1- 3 |  4- 6 |  7- 9 || total
-------------------------+-------+-------+-------++-------
Melee: Dagger            |    94 |    37 |     1 ||   132
       Short sword       |       |     4 |       ||     4
       Long sword        |       |    10 |       ||    10
 Cast: Magic Dart        |    77 |    67 |    10 ||   154
       Searing Ray       |       |    44 |    12 ||    56
       Foxfire           |       |       |     3 ||     3
  Use: Scroll            |       |     2 |     5 ||     7
 Stab: Sleeping          |     1 |       |       ||     1
Armor: Robe              |    13 |     3 |     2 ||    18
Dodge: Dodged            |    93 |    43 |    24 ||   160
Block: Buckler           |     6 |    16 |     7 ||    29
